 Dungeon Crawl Stone Soup version 0.22-a0-240-g539252a (webtiles) character file.

73 tidbits the Insei (level 4, 6/38 HPs)
             Began as a Gnoll Wanderer on Feb 21, 2018.
             Quit the game on level 2 of the Dungeon.
             The game lasted 00:04:01 (338 turns).

tidbits the Insei (Gnoll Wanderer)                   Turns: 338, Time: 00:04:01

Health: 6/38       AC:  2    Str: 14    XL:     4   Next: 27%
Magic:  6/6        EV: 13    Int: 15    God:
Gold:   44         SH:  0    Dex: 15    Spells: 5/5 levels left

rFire    . . .     SeeInvis .     - Unarmed
rCold    . . .     Gourm    .   (no shield)
rNeg     + . .     Faith    .   B - +0 robe {rN+}
rPois    .         Spirit   .   (no helmet)
rElec    .         Reflect  .   C - scarf {repulsion}
rCorr    .         Harm     .   (no gloves)
MR       .....                  (no boots)
Stlth    +++.......             (no amulet)
HPRegen  0.12/turn              (no ring)
MPRegen  0.10/turn              (no ring)

@: seriously poisoned (6 -> 2), repel missiles
A: distributed training, fangs 1, strong nose
a: no special abilities


You were on level 2 of the Dungeon.
You were not hungry.

You visited 1 branch of the dungeon, and saw 3 of its levels.

You collected 44 gold pieces.

Inventory:

Hand Weapons
 a - a +0 dagger
 c - a +0 hand axe
 f - a +0 club
 o - a +0 rapier
Missiles
 i - 13 sling bullets
 j - 2 stones (quivered)
 n - 11 poisoned needles
Armour
 e - a +0 robe
 B - a +0 robe of positive energy (worn)
   (You took it off an orc wizard on level 3 of the Dungeon)
 C - a scarf of repulsion (worn)
   (You found it on level 1 of the Dungeon)
Wands
 d - a wand of random effects (15)
Scrolls
 b - a scroll of fear
 g - a scroll of blinking
 k - a scroll of fog {unknown}
 l - a scroll of noise {unknown}
 m - a scroll of identify {unknown}
Comestibles
 h - 3 rations


   Skills:
 + Level 4.6 Fighting
 + Level 1.0 Short Blades
 + Level 1.0 Long Blades
 + Level 1.0 Axes
 + Level 1.0 Maces & Flails
 + Level 1.0 Polearms
 + Level 1.0 Staves
 + Level 1.0 Slings
 + Level 1.0 Bows
 + Level 1.0 Crossbows
 + Level 2.7 Throwing
 + Level 1.0 Armour
 + Level 2.7 Dodging
 + Level 4.2 Stealth
 + Level 1.0 Shields
 + Level 6.6 Unarmed Combat
 + Level 1.0 Spellcasting
 + Level 0.8 Conjurations
 + Level 0.8 Hexes
 + Level 0.8 Charms
 + Level 0.8 Summonings
 + Level 0.8 Necromancy
 + Level 0.8 Translocations
 + Level 0.8 Transmutations
 + Level 0.8 Fire Magic
 + Level 0.8 Ice Magic
 + Level 0.8 Air Magic
 + Level 0.8 Earth Magic
 + Level 0.8 Poison Magic
 + Level 1.1 Invocations
 + Level 2.7 Evocations


You had 5 spell levels left.
You didn't know any spells.

Dungeon Overview and Level Annotations

Branches:
Dungeon (3/15)

Altars:

Annotations:
D:2 Jessica


Innate Abilities, Weirdness & Mutations

Your experience applies equally to all skills.
You have very sharp teeth.
Your uncanny sense of smell can sniff out nearby items.


Message History

Adjust to which letter? (? for menu, Esc to quit)
B - a +0 robe of positive energy (worn);
e - a +0 robe You see here 13 sling bullets.
i - 13 sling bullets
Found a stone staircase leading down.
You see here 11 poisoned needles.
n - 11 poisoned needles
a - a +0 dagger (weapon)
An ooze comes into view.
There is a stone staircase leading down here.
You are now empty-handed.
a - a +0 dagger (weapon)
Found a stone staircase leading up.
The helpless ooze fails to defend itself.
You impale the ooze!!
You kill the ooze!
There is a stone staircase leading up here.
You climb upwards.
Found a rapier.
There is a stone staircase leading down here.
Unknown command.
A kobold comes into view. It is wielding a dagger.
You see here a rapier.
o - a rapier The helpless kobold fails to defend itself.
You impale the kobold!!
You kill the kobold!
Things that are here:
a dagger; a kobold corpse A leopard gecko comes into view.
Found a spear.
The leopard gecko hisses angrily.
The leopard gecko closely misses you.
You closely miss the leopard gecko.
You bite the leopard gecko, but do no damage.
The leopard gecko bites you but does no damage.
You are now empty-handed.
You punch the leopard gecko!
You kill the leopard gecko!
There is a stone staircase leading down here.
You climb downwards.
There is a stone staircase leading up here.
Unknown command.
A rat comes into view.
Found 25 stones.
a - a +0 dagger (weapon)
You barely miss the rat. You bite the rat, but do no damage. The rat bites you.
* * * LOW HITPOINT WARNING * * *
You are now empty-handed.
You barely miss the rat. The rat completely misses you.
You closely miss the rat. The rat misses you.
You punch the rat!
You kill the rat!
A kobold comes into view.
a - a +0 dagger (weapon)
The helpless kobold fails to defend itself.
You puncture the kobold!
You kill the kobold!
A kobold comes into view.
Found a stone staircase leading up.
You see here a kobold corpse.
The helpless kobold fails to defend itself.
You impale the kobold!!
You kill the kobold!
A goblin comes into view. It is wielding a club.
The goblin shouts!
You hear a shout! x4
A goblin comes into view. It is wielding a dagger.
There is a stone staircase leading up here.
The goblin moves out of view.
You climb upwards.
An adder comes into view.
There is a stone staircase leading down here.
A hobgoblin comes into view.
Jessica the Apprentice Sorceress comes into view.
She is wielding a dagger.
Jessica shouts!
Jessica gestures wildly.
Jessica zaps a wand.
You resist with some effort.
It is a wand of polymorph (12).
The adder hisses angrily.
You hit the adder.
The adder is moderately wounded.
The hobgoblin shouts!
The adder closely misses you.
Jessica zaps a wand.
You resist with some effort.
You are now empty-handed.
The adder bites you.
* * * LOW HITPOINT WARNING * * *
You aren't carrying any potions.
Unknown command.
The adder bites you but does no damage.
Jessica zaps a wand.
You resist with some effort. The hobgoblin misses you.
Jessica casts a spell at you. Pain shoots through your body!
* * * LOW HITPOINT WARNING * * *
The adder bites you.
* * * LOW HITPOINT WARNING * * *
You are poisoned.
The adder poisons you!
You feel sick.
There is a stone staircase leading down here.
Are you sure you want to abandon this character and quit the game? (Confirm with "yes".)

#.# ### #.####...
#........ ###
#....... #. ..
+.....# #.###.
#.....#
.....@#+#.....#
.........@....+
.........S....#
........g♣.♣.♣#
..............+
.........♣...♣..
.................
#########♣#♣#♣###


You could see an adder, Jessica and a hobgoblin.

Vanquished Creatures
  An orc wizard (D:3)
  An adder (D:3)
  An ooze (D:3)
  A worm (D:2)
  A leopard gecko (D:2)
  6 orcs (D:3)
  A goblin (D:2)
  3 jackals (D:2)
  2 bats (D:2)
  5 kobolds
  A rat (D:3)
23 creatures vanquished.

Notes
Turn   | Place    | Note
-------+----------+-------------------------------------------
     0 | D:1      | tidbits the Gnoll Wanderer began the quest for the Orb.
     0 | D:1      | tidbits set off with: a scroll of blinking, a scroll of fear, a potion of curing, a wand of random effects (15), a +0 robe, a +0 club, a +0 dagger, a ration
     0 | D:1      | Reached XP level 1. HP: 20/20 MP: 2/2
   109 | D:2      | Reached XP level 2. HP: 21/26 MP: 3/3
   189 | D:3      | Reached XP level 3. HP: 19/31 MP: 4/4
   210 | D:3      | HP: 3/31 [orc/dagger (6)]
   222 | D:3      | HP: 2/31 [orc wizard/magic dart (6)]
   224 | D:3      | Reached skill level 1 in Short Blades
   224 | D:3      | Reached skill level 1 in Long Blades
   224 | D:3      | Reached skill level 1 in Axes
   224 | D:3      | Reached skill level 1 in Maces & Flails
   224 | D:3      | Reached skill level 1 in Polearms
   224 | D:3      | Reached skill level 1 in Staves
   224 | D:3      | Reached skill level 1 in Slings
   224 | D:3      | Reached skill level 1 in Bows
   224 | D:3      | Reached skill level 1 in Crossbows
   224 | D:3      | Reached skill level 1 in Armour
   224 | D:3      | Reached skill level 1 in Shields
   224 | D:3      | Reached skill level 1 in Spellcasting
   224 | D:3      | Reached skill level 1 in Invocations
   224 | D:3      | Reached XP level 4. HP: 3/38 MP: 4/6
   329 | D:2      | Noticed Jessica
   338 | D:2      | Quit the game

Vault maps used:
D:1:      minmay_arrival_radiant_lines
D:2:      serial_forest, infiniplex_forest_lined_room_,
          infiniplex_forest_lined_4_way, infiniplex_forest_clump_small,
          infiniplex_forest_end_2, infiniplex_forest_straight_2,
          infiniplex_forest_join, infiniplex_forest_zigzag_2,
          infiniplex_forest_3_way, uniq_jessica
D:3:      okawaru_trees_1, uniq_sigmund, uniq_robin, uniq_grinder

Skill      XL: |  1  2  3 |
---------------+----------+-----
Short Blades   | 1 |  1.0
Long Blades    | 1 |  1.0
Axes           | 1 |  1.0
Maces & Flails | 1 |  1.0
Polearms       | 1 |  1.0
Staves         | 1 |  1.0
Slings         | 1 |  1.0
Bows           | 1 |  1.0
Crossbows      | 1 |  1.0
Armour         | 1 |  1.0
Shields        | 1 |  1.0
Spellcasting   | 1 |  1.0
Invocations    | 1 |  1.1
Fighting       | |  4.6
Throwing       | |  2.7
Dodging        | |  2.7
Stealth        | |  4.2
Unarmed Combat | |  6.6
Conjurations   | |  0.8
Hexes          | |  0.8
Charms         | |  0.8
Summonings     | |  0.8
Necromancy     | |  0.8
Translocations | |  0.8
Transmutations | |  0.8
Fire Magic     | |  0.8
Ice Magic      | |  0.8
Air Magic      | |  0.8
Earth Magic    | |  0.8
Poison Magic   | |  0.8
Evocations     | |  2.7

Action                   |  1- 3 |  4- 6 || total
-------------------------+-------+-------++-------
Melee: Unarmed           |    54 |     4 ||    58
       Bite              |     5 |     2 ||     7
       Dagger            |     1 |     7 ||     8
       Punch             |     2 |       ||     2
  Use: Scroll            |     1 |       ||     1
       Potion            |     1 |       ||     1
 Stab: Sleeping          |     1 |     4 ||     5
Armor: Robe              |     4 |     2 ||     6
Dodge: Dodged            |    27 |     5 ||    32

Table legend:
 A = Spawn XP
 B = Non-spawn XP
 C = Spawn XP percentage of total XP
 D = Spawn monster count
 E = Non-spawn monster count
 F = Spawn count percentage of total count
 G = Total turns spent on level
                    A         B        C        D         E        F      G
               +---------+---------+-------+---------+---------+-------+---------
         Total |       0 |     105 |   0.0 |       0 |      23 |   0.0 |   338
               +---------+---------+-------+---------+---------+-------+---------
           D:1 |       0 |       1 |   0.0 |       0 |       1 |   0.0 |    38
           D:2 |       0 |      22 |   0.0 |       0 |      10 |   0.0 |   146
           D:3 |       0 |      82 |   0.0 |       0 |      12 |   0.0 |   154
               +---------+---------+-------+---------+---------+-------+---------

Table legend:
 A = Turns spent in this place as a percentage of turns spent in the entire game.
 B = Non-inter-level travel turns spent in this place as a percentage of non-inter-level travel turns spent in the entire game.
 C = Inter-level travel turns spent in this place as a percentage of turns spent in this place.
 D = Turns resting spent in this place as a percentage of non-inter-level travel turns spent in this place.
 E = Turns spent auto-exploring this place as a percentage of non-inter-level travel turns spent in this place.
 F = Non-inter-level travel turns spent in this place divided by the number of levels of this place that you've seen.
                   A       B       C       D       E      F
               +-------+-------+-------+-------+-------+----------------------
         Total | 100.0 | 100.0 |   0.0 |   0.0 |   0.0 | 112.7
       Dungeon | 100.0 | 100.0 |   0.0 |   0.0 |   0.0 | 112.7
               +-------+-------+-------+-------+-------+----------------------

Table legend:
 A = Kills in this place as a percentage of kills in entire the game.
 B = Kills by you in this place as a percentage of kills by you in the entire game.
 C = Kills by friends in this place as a percentage of kills by friends in the entire game.
 D = Other kills in this place as a percentage of other kills in the entire game.
 E = Experience gained in this place as a percentage of experience gained in the entire game.
 F = Experience gained in this place divided by the number of levels of this place that you have seen.
                   A       B       C       D       E      F
               +-------+-------+-------+-------+-------+----------------------
         Total | 100.0 | 100.0 |   N/A |   N/A | 100.0 |  35.0
       Dungeon | 100.0 | 100.0 |   N/A |   N/A | 100.0 |  35.0
               +-------+-------+-------+-------+-------+----------------------

Vault maps used:
D:1:      minmay_arrival_radiant_lines
D:2:      serial_forest, infiniplex_forest_lined_room_,
          infiniplex_forest_lined_4_way, infiniplex_forest_clump_small,
          infiniplex_forest_end_2, infiniplex_forest_straight_2,
          infiniplex_forest_join, infiniplex_forest_zigzag_2,
          infiniplex_forest_3_way, uniq_jessica
D:3:      okawaru_trees_1, uniq_sigmund, uniq_robin, uniq_grinder
